 Dungeon Crawl Stone Soup version 0.32-a0-999-gfa1cc04b1d (webtiles) character file.

Game seed: 6039463458539008083

36 DrKenneth the Covered (level 3, 0/33 HPs)
             Began as a Minotaur Fighter on Apr 25, 2024.
             Succumbed to a scorpion's poison
             ... on level 4 of the Dungeon.
             The game lasted 00:01:54 (1158 turns).

DrKenneth the Covered (Minotaur Fighter)            Turns: 1158, Time: 00:01:54

Health: 0/33       AC:  7    Str: 22    XL:     3   Next: 19%
Magic:  2/2        EV:  8    Int:  5    God:
Gold:   35         SH:  4    Dex:  9    Spells: 2/2 levels left

rFire   . . .        a - +0 war axe
rCold   . . .        c - +0 buckler
rNeg    . . .        b - +0 scale mail
rPois   .            (helmet restricted)
rElec   .            (no cloak)
rCorr   .            (no gloves)
SInv    .            (no boots)
Will    .....        (no amulet) Stlth
                     (no ring)
HPRegen 0.25/turn    (no ring)
MPRegen 0.08/turn

%: no passive effects
@: lethally poisoned (0 -> -17), attractive
A: horns 2, retaliatory headbutt
a: no special abilities


You were on level 4 of the Dungeon.
You visited 1 branch of the dungeon, and saw 3 of its levels.

You collected 35 gold pieces.

Inventory:

Hand Weapons
 a - a +0 war axe (weapon)
Armour
 b - a +0 scale mail (worn)
 c - a +0 buckler (worn)
Scrolls
 f - 3 scrolls of identify {unknown}
 h - a scroll of enchant armour {unknown}
 j - a scroll of vulnerability {unknown}
 l - a scroll of immolation {unknown}
Potions
 d - a potion of might
 e - 2 potions of attraction
 g - a potion of mutation {unknown}
 i - a potion of haste {unknown}
 k - a potion of cancellation {unknown}


   Skills:
 + Level 4.0 Fighting
 + Level 3.0 Axes
 + Level 4.1 Armour
 + Level 4.1 Shields


You had 2 spell levels left.
You didn't know any spells.
Your spell library contained the following spells:

 Spells                   Type           Power      Damage    Failure   Level
 Sublimation of Blood     Necr           0%         N/A       94%         2
 Summon Lightning Spire   Summ/Air       0%         N/A       100%        4
 Arcjolt                  Conj/Air       0%         1d10      100%        5
 Curse of Agony           Necr           0%         N/A       100%        5
 Rimeblight               Ice/Necr       0%         2d3       (prima100%   7
 Maxwell's Capacitive Co  Air            0%         ∞         100%        8


Dungeon Overview and Level Annotations

Branches:
Dungeon (4/15)
 Temple: D:4-7

Altars:


Innate Abilities, Weirdness & Mutations

You have a pair of horns on your head.
You reflexively headbutt those who attack you in melee.


Message History

Found 3 stones.
You see here 3 stones.
e - 3 silvery potions (gained 2)
l - a scroll labelled KYNAMO BYICANG
Found a stone staircase leading down.
Found 2 javelins.
Found a stone staircase leading up.
A malevolent force fills the Dungeon...
You fall into a shaft and drop 2 floors!
The shaft crumbles and collapses.
Found a stone staircase leading up.
A scorpion comes into view.
Found a glowing orange potion.
Found a flail.
The scorpion stings you.
You hit the scorpion but do no damage. Your headbutt misses the scorpion.
The scorpion closely misses you. The scorpion stings you.
You are poisoned.
The scorpion poisons you!
You completely miss the scorpion.
You feel very sick. The scorpion closely misses you.
The scorpion stings you but does no damage.
You closely miss the scorpion.
You feel sick.
The scorpion stings you but does no damage.
You hit the scorpion.
The scorpion is moderately wounded.
You feel sick. The scorpion stings you. The scorpion barely misses you.
You furiously retaliate!
You headbutt the scorpion. You barely miss the scorpion.
Your headbutt misses the scorpion.
The scorpion is heavily wounded.
You feel sick. The scorpion stings you.
* * * LOW HITPOINT WARNING * * *
The scorpion stings you.
* * * LOW HITPOINT WARNING * * *
You are more poisoned.
The scorpion poisons you!
It was a potion of attraction.
You feel attractive to monsters.
You die...

... ...
#........!.. .. #
#..........#...
#.
#..........#...
...##..#.#.......
#.....#.#...#.)
#.....#....#.#
#............###
###.......@....#.
#........s......
#................
#.#..#...........
#...##...........
.... ###.........
#.... ..........
##.. #.........
.........


You could see a scorpion.

Vanquished Creatures
  An adder (D:2)
  2 endoplasms (D:2)
  2 giant cockroaches (D:1)
  4 goblins
  3 hobgoblins (D:1)
  7 kobolds
  A quokka (D:1)
  2 ball pythons (D:2)
  A frilled lizard (D:1)
  A rat (D:1)
24 creatures vanquished.

Notes
Turn   | Place    | Note
-------+----------+-------------------------------------------
     0 | D:1      | DrKenneth the Minotaur Fighter began the quest for the Orb.
     0 | D:1      | Reached XP level 1. HP: 19/19 MP: 0/0
   302 | D:1      | Reached XP level 2. HP: 27/27 MP: 1/1
   916 | D:2      | Reached XP level 3. HP: 20/33 MP: 2/2
  1148 | D:2      | You fall into a shaft and drop 2 floors!
  1149 | D:4      | Noticed a scorpion
  1158 | D:4      | Succumbed to a scorpion's poison

Illustrated notes

Levels and vault maps discovered:
D:1:      dpeg_chamrin_arrival_tetris, layout_basic, skrybe_limestone_x
D:2:      kennysheep_six_static_rooms, layout_loops_ring, kennysheep_crisscross,
          kennysheep_generic_room_7
D:4:      layout_cave_pools, minmay_temple_entry_sparse_star

Skill      XL: |  1  2 |
---------------+-------+-----
Shields        | 4 |  4.1
Fighting       | 4 |  4.0
Armour         | 4 |  4.1
Axes           | 3 |  3.0

Action                     || total
---------------------------++-------
  Melee: War axe           ||    45
         Headbutt          ||     4
    Use: Potion            ||     1
 Armour: Scale mail        ||    35
  Dodge: Dodged            ||    19
  Block: Buckler           ||    11

Table legend: (Time is in decaauts)
 A = Elapsed time spent in this place.
 B = Non-inter-level travel time spent in this place.
 C = Inter-level travel time spent in this place.
 D = Time resting spent in this place.
 E = Time spent auto-exploring this place.
 F = Levels seen in this place.
 G = Mean time per level.
                   A        B        C        D        E       F      G
               +--------+--------+--------+--------+--------+-----+--------+
         Total |   1174 |   1174 |      0 |      0 |   1009 |   3 |  391.3 |
       Dungeon |   1174 |   1174 |      0 |      0 |   1009 |   3 |  391.3 |
               +--------+--------+--------+--------+--------+-----+--------+

Top non-repeatable levels by time:
     D:1: 892 daAuts
     D:2: 270 daAuts
     D:4: 11 daAuts
